 Dungeon Crawl Stone Soup version 0.28.0 (webtiles) character file.

Game seed: 15963607382116402608

398 meepyknight the Chiller (level 6, -8/43 HPs)
             Began as a Demonspawn Ice Elementalist on Feb 17, 2022.
             Killed by nerve-wracking pain
             ... invoked by a shadow imp
              (13 damage)
             ... on level 5 of the Dungeon on Feb 18, 2022.
             The game lasted 00:18:27 (6534 turns).

meepyknight the Chiller (DsIE)                      Turns: 6534, Time: 00:18:28

Health: -8/43      AC:  9    Str:  4 (5)  XL:     6   Next: 53%
Magic:  2/12       EV: 12    Int: 16 (18) God:
Gold:   237        SH:  0    Dex: 10 (13) Spells: 4/13 levels left

rFire   + . .      SeeInvis .   b - +0 dagger (vamp)
rCold   + . .      Faith    .   (no shield)
rNeg    . . .      Spirit   .   a - +0 robe
rPois   +          Reflect  .   (helmet restricted)
rElec   +          Harm     .   (no cloak)
rCorr   +          Rampage  .   e - +0 pair of gloves
Will    .....                   (no boots)
Stlth   ++........              (no amulet)
HPRegen 0.14/turn               (no ring)
MPRegen 0.13/turn               (no ring)

@: mighty, ice-armoured, resistant, freezing walls, attractive, unable to read
A: horns 2, powered by pain 2, weak 2, inability to read while threatened
a: no special abilities


You were on level 5 of the Dungeon.
You visited 1 branch of the dungeon, and saw 5 of its levels.

You collected 237 gold pieces.

Inventory:

Hand Weapons
 b - a +0 vampiric dagger (weapon)
Armour
 a - a +0 robe (worn)
 e - a +0 pair of gloves (worn)
Jewellery
 d - a ring of wizardry
 m - an amulet of faith
Wands
 c - a wand of paralysis (9)
Scrolls
 l - 2 scrolls of blinking
 n - a scroll of amnesia
Potions
 g - a potion of degeneration


   Skills:
 + Level 1.2 Fighting
 + Level 1.1 Short Blades
 + Level 2.6 Dodging
 - Level 2.0 Stealth
 + Level 4.4 Spellcasting
 + Level 0.1 Translocations
 + Level 5.1 Ice Magic


You had 4 spell levels left.
You knew the following spells:

 Your Spells              Type           Power      Damage    Failure   Level
a - Freeze                Ice            76%        1d9       1%          1
b - Frozen Ramparts       Ice            38%        1d5       6%          3
c - Ozocubu's Armour      Ice            19%        N/A       6%          3
d - Blink                 Tloc           8%         N/A       22%         2

Your spell library contained the following spells:

 Spells                   Type           Power      Damage    Failure   Level
 Slow                     Hex            12%        N/A       16%         1
 Confusing Touch          Hex            3%         N/A       43%         3
 Vampiric Draining        Necr           3%         2d6       43%         3
 Hailstorm                Conj/Ice       11%        3d5       50%         4
 Manifold Assault         Tloc           4%         N/A       99%         5
 Storm Form               Tmut/Air       1%         N/A       100%        7


Dungeon Overview and Level Annotations

Branches:
Dungeon (5/15)
 Temple: D:4-7

Altars:
Cheibriados
Elyvilon
Fedhas
Hepliaklqana
Nemelex Xobeh
Okawaru
Uskayaw
Wu Jian

Shops:
D:3 [   D:4 (


Innate Abilities, Weirdness & Mutations

You have a pair of horns on your head.
You sometimes gain power by taking damage.
You are very weak. (Str -4)
You sometimes lose the ability to read scrolls when taking damage.


Message History

Confirm with . or Enter, or press ? or * to list all spells.
Aiming: Freeze (safe; 1% risk of failure)
Press: ? - help, Shift-Dir - straight line, f - shadow imp
Aim: a shadow imp (moderately wounded)
You freeze the shadow imp but do no damage.
The shadow imp completely resists. x2
The wall freezes the shadow imp but does no damage.
The shadow imp sputters.
The shadow imp hits you but does no damage.
The wall freezes the quokka.
Unknown command.
Unknown command.
Casting: Freeze (safe; 1% risk of failure)
Confirm with . or Enter, or press ? or * to list all spells.
Aiming: Freeze (safe; 1% risk of failure)
Press: ? - help, Shift-Dir - straight line, f/p - shadow imp
Aim: a shadow imp (moderately wounded)
You freeze the shadow imp but do no damage.
The shadow imp completely resists.
The wall freezes the quokka.
You kill the quokka!
The shadow imp completely resists.
The wall freezes the shadow imp but does no damage.
The shadow imp hits you.
* * * LOW HITPOINT WARNING * * *
Unknown command.
Unknown command.
Unknown command.
Unknown command.
Casting: Freeze (safe; 1% risk of failure)
Confirm with . or Enter, or press ? or * to list all spells.
Aiming: Freeze (safe; 1% risk of failure)
Press: ? - help, Shift-Dir - straight line, f/p - shadow imp
Aim: a shadow imp (moderately wounded)
You freeze the shadow imp but do no damage.
The shadow imp completely resists. x2
The wall freezes the shadow imp but does no damage.
The shadow imp gestures at you. Pain shoots through your body!
You feel threatened and lose the ability to read scrolls!
You die...

#. #.#
#.# #.#
#.# #.#
#.## #.@#
#.5# #.†#
#).#
.....
#......
#.......
#.......#
..###...#


You could see a shadow imp.

Vanquished Creatures
  A scorpion (D:5)
  A hound (D:5)
  A centaur skeleton (D:4)
  2 iguanas (D:4)
  An orc wizard (D:3)
  A hound skeleton (D:4)
  Robin (D:3)
  3 adders
  A gnoll (D:1)
  A white imp (D:4)
  An ufetubus (D:4)
  5 worms
  5 dart slugs
  9 orcs
  4 ball pythons
  8 endoplasms
  3 giant cockroaches
  14 goblins
  11 hobgoblins
  2 jackals (D:3)
  8 kobolds
  4 quokkas
  7 bats
  4 frilled lizards
  6 rats
104 creatures vanquished.

Notes
Turn   | Place    | Note
-------+----------+-------------------------------------------
     0 | D:1      | meepyknight the Demonspawn Ice Elementalist began the quest
                  | for the Orb.
     0 | D:1      | Reached XP level 1. HP: 13/13 MP: 3/3
   264 | D:1      | Gained mutation: You have a pair of small horns on your
                  | head. [demonic ancestry]
   264 | D:1      | Reached XP level 2. HP: 11/19 MP: 0/5
   501 | D:1      | Reached skill level 4 in Ice Magic
   710 | D:1      | Reached XP level 3. HP: 8/24 MP: 2/6
  1081 | D:1      | Learned a level 3 spell: Frozen Ramparts
  1211 | D:1      | Learned a level 3 spell: Ozocubu's Armour
  2476 | D:2      | Gained mutation: You sometimes gain a little power by
                  | taking damage. [demonic ancestry]
  2476 | D:2      | Reached XP level 4. HP: 21/30 MP: 2/8
  3259 | D:3      | Reached XP level 5. HP: 24/36 MP: 0/10
  3422 | D:3      | Found a blossoming altar of Fedhas.
  3455 | D:3      | Found an ornate altar of the Wu Jian Council.
  3456 | D:3      | Found a sparkling altar of Nemelex Xobeh.
  3458 | D:3      | Found a snail-covered altar of Cheibriados.
  3459 | D:3      | Found a hazy altar of Hepliaklqana.
  3460 | D:3      | Found an iron altar of Okawaru.
  3622 | D:3      | Learned a level 2 spell: Blink
  3769 | D:3      | Noticed Robin
  3902 | D:3      | Found a hide-covered altar of Uskayaw.
  3924 | D:3      | Killed Robin
  4166 | D:3      | Found Gabinleodd's Antique Armour Shoppe.
  4773 | D:4      | Gained mutation: You are weak. (Str -2) [potion of
                  | mutation]
  4773 | D:4      | Gained mutation: You sometimes lose the ability to read
                  | scrolls when taking damage. [potion of mutation]
  4773 | D:4      | Gained mutation: You are very weak. (Str -4) [potion of
                  | mutation]
  4773 | D:4      | Gained mutation: You have a pair of horns on your head.
                  | [potion of mutation]
  5285 | D:4      | Reached skill level 1 in Fighting
  5772 | D:4      | Found Ruthru Reibu's Weapon Emporium.
  5784 | D:4      | Gained mutation: You sometimes gain power by taking damage.
                  | [demonic ancestry]
  5784 | D:4      | Reached XP level 6. HP: 33/43 MP: 7/12
  5879 | D:4      | Reached skill level 5 in Ice Magic
  6310 | D:5      | Entered Level 5 of the Dungeon
  6520 | D:5      | Reached skill level 1 in Short Blades
  6534 | D:5      | Killed from afar by a shadow imp

Illustrated notes

Levels and vault maps discovered:
D:1:      minmay_arrival_wavy_path, layout_basic
D:2:      layout_rooms, minmay_fractal_squares_gapless_5
D:3:      layout_loops_ring, nicolae_uskayaw_dance_hall, lemuel_doored_altar,
          grunt_temple_overflow_open, serial_shops, nicolae_shop_behind_doors,
          glass_columns_c, minmay_circle_x, uniq_robin
D:4:      layout_basic, serial_shops, nicolae_shop_bloodbath_and_beyond,
          grunt_ministairs_9
D:5:      cheibrodos_two_vegetables, layout_basic, minmay_bent,
          uniq_blork_the_orc, uniq_menkaure

Skill      XL: |  1  2  3  4  5  6 |
---------------+-------------------+-----
Ice Magic      | 4 5 |  5.1
Stealth        | 2 |  2.0
Spellcasting   | 3 4 |  4.4
Dodging        | 2 |  2.6
Fighting       | 1 |  1.2
Short Blades   | 1 |  1.1
Translocations | |  0.1

Action                   |  1- 3 |  4- 6 || total
-------------------------+-------+-------++-------
Melee: Dagger            |    11 |    50 ||    61
       Headbutt          |       |    14 ||    14
       Punch             |       |     1 ||     1
 Cast: Freeze            |    50 |    76 ||   126
       Frozen Ramparts   |     8 |    18 ||    26
       Ozocubu's Armour  |     1 |     6 ||     7
       Blink             |       |     5 ||     5
  Use: Scroll            |     5 |     2 ||     7
       Potion            |       |    10 ||    10
Armor: Robe              |    11 |    32 ||    43
Dodge: Dodged            |    31 |   110 ||   141
